 Dungeon Crawl Stone Soup version 0.21.1-1-g345015f (webtiles) character file.

158 xccam the Cutter (level 5, -2/45 HPs)
             Began as a Draconian Monk on Feb 21, 2018.
             Killed from afar by shakethe's ghost (19 damage)
             ... with an orb of energy
             ... on level 3 of the Dungeon.
             The game lasted 00:04:48 (1785 turns).

xccam the Cutter (Draconian Monk)                   Turns: 1785, Time: 00:04:48

Health: -2/45      AC:  5    Str: 17    XL:     5   Next: 16%
Magic:  5/5        EV: 13    Int: 10    God:
Gold:   116        SH:  0    Dex: 15    Spells: 4/4 levels left

rFire    . . .     SeeInvis .   k - +1 short sword (freeze)
rCold    . . .     Gourm    .   (no shield)
rNeg     . . .     Faith    .   (armour unavailable)
rPois    .         Spirit   .   (helmet restricted)
rElec    .         Reflect  .   (no cloak)
rCorr    .         Harm     .   (no gloves)
MR       .....                  (no boots)
Stlth    ++........             (no amulet)
HPRegen  0.15/turn              j - +4 ring of strength
MPRegen  0.09/turn              (no ring)

@: lethally poisoned (-2 -> -17)
A: unfitting armour, cold-blooded, AC +5
a: no special abilities


You were on level 3 of the Dungeon.
You were not hungry.

You visited 1 branch of the dungeon, and saw 3 of its levels.

You collected 116 gold pieces.

Inventory:

Hand Weapons
 k - a +1 short sword of freezing (weapon)
Jewellery
 j - a +4 ring of strength (left hand)
 m - an uncursed ring of ice {unknown}
Scrolls
 c - 2 scrolls of enchant armour {unknown}
 e - 5 scrolls of identify
 i - a scroll of enchant weapon {unknown}
 l - a scroll of teleportation {unknown}
 n - 2 scrolls of blinking
Potions
 d - 3 potions of might
 f - a potion of mutation
 g - a potion of degeneration
 h - a potion of invisibility {unknown}
Comestibles
 a - a chunk of flesh
 b - 4 rations


   Skills:
 - Level 3.2 Fighting
 * Level 5.1 Short Blades
 - Level 2.6 Dodging
 + Level 3.3 Stealth


You had 4 spell levels left.
You didn't know any spells.

Dungeon Overview and Level Annotations

Branches:
Dungeon (3/15)

Altars:
Xom

Annotations:
D:3 shakethe's ghost, amateur DECj


Innate Abilities, Weirdness & Mutations

Your plain brown scales are hard. (AC +5)
You cannot fit into any form of body armour.
You are cold-blooded and may be slowed by cold attacks.


Message History

Shakethe's ghost points at you and mumbles some strange words.
The magic dart hits you!
You closely miss shakethe's ghost.
Shakethe's ghost is lightly damaged.
Shakethe's ghost hits you!
You are more poisoned.
You miss shakethe's ghost.
Your tail-slap misses shakethe's ghost.
Shakethe's ghost is lightly damaged.
You feel sick.
You feel sick.
Shakethe's ghost hits you but does no damage.
You feel sick.
You feel sick.
You feel sick. Shakethe's ghost hits you.
You are more poisoned.
You feel sick.
You feel sick.
Shakethe's ghost points at you and mumbles some strange words.
The orb of energy hits you!
You die...

#+##.. ####.....# ..........
#......... . +....... .. .....
######.....#..... #...
+.(.........<..... #... #...#
#@####...... #... ♣♣♣≈ #...#
#.#........ #... ≈≈≈≈.
#...###W#....#.# #...
.≈≈...#....##........## #...
≈≈≈..#....##.........+ +...
♣≈≈.#....##.........# ##..
♣≈≈.#....##.........# +...
≈♣♣♣≈≈.................# ..##..
≈≈≈≈≈.............#....#.......


You could see shakethe's ghost.

Vanquished Creatures
  A jelly (D:2)
  5 adders
  An ooze (D:3)
  3 worms
  4 dart slugs (D:1)
  2 leopard geckos
  7 bats
  2 giant cockroaches (D:1)
  8 hobgoblins
  A jackal (D:3)
  7 kobolds
  3 frilled lizards
  9 goblins
  10 rats
63 creatures vanquished.

Notes
Turn   | Place    | Note
-------+----------+-------------------------------------------
     0 | D:1      | xccam the Draconian Monk began the quest for the Orb.
     0 | D:1      | Reached XP level 1. HP: 19/19 MP: 1/1
   113 | D:1      | Reached XP level 2. HP: 25/26 MP: 2/2
   479 | D:1      | Reached XP level 3. HP: 31/31 MP: 3/3
   644 | D:2      | Reached skill level 4 in Short Blades
   969 | D:2      | Reached XP level 4. HP: 38/38 MP: 4/4
  1310 | D:2      | Found a shimmering altar of Xom.
  1619 | D:3      | Reached skill level 5 in Short Blades
  1667 | D:3      | Reached XP level 5. HP: 45/45 MP: 5/5
  1772 | D:3      | Noticed shakethe's ghost (amateur DECj)
  1785 | D:3      | Killed from afar by shakethe's ghost

Skill      XL: |  1  2  3  4 |
---------------+-------------+-----
Stealth        | 2 3 |  3.3
Short Blades   | 4 5 |  5.1
Fighting       | |  3.2
Dodging        | |  2.6

Action                   |  1- 3 |  4- 6 || total
-------------------------+-------+-------++-------
Melee: Short sword       |   136 |    66 ||   202
       Tailslap          |    11 |     9 ||    20
  Use: Scroll            |     4 |       ||     4
 Stab: Sleeping          |     9 |     6 ||    15
  Eat: Chunk             |       |     3 ||     3
Armor: Skin              |    34 |    10 ||    44
Dodge: Dodged            |    82 |    37 ||   119
